Map: 썬더버드 - 래더

Players

llllllllllll (Stats) - Winner!

  • Race: Protoss Protoss
  • League: Grandmaster
  • Spawn Location: 11:00

DnS

  • Race: Protoss Protoss
  • Spawn Location: 5:00

Event: HomeStory Cup XIX

VOD

Have the link to the VOD?

Description

Time

  • Played on: June 27, 2019, 5 p.m.
  • Length: 11:31

All games in this series

Show
View Real Time Build Order
Export as new Build Order

llllllllllll Protoss - Winner!

Build Orders: Phoenix Opening, Zealot Archon 

Get SALT Encoding   

  12  0:00  Probe  
  13  0:13  Probe  
  14  0:17  Pylon  
  14  0:24  Probe  
  15  0:32  Probe  
  15  0:37  Gateway  
  15  0:40  Probe  
  16  0:46  Assimilator  
  17  0:51  Probe  
  17  0:54  Assimilator  
  18  1:00  Probe  
  19  1:07  Gateway  
  19  1:08  Probe  
  19  1:17  Probe  
  20  1:24  Cybernetics Core  
  21  1:29  Probe  
  22  1:34  Pylon  
  22  1:42  Probe  
  23  1:54  Probe  
  24  2:01  Stalker, Sentry, Warp Gate  
  24  2:06  Probe  
  24  2:07  Pylon  
  29  2:28  Stalker  
  31  2:31  Stalker  
  31  2:35  Phoenix  
  33  2:46  Nexus  
  33  2:53  Probe  
  33  3:02  Sentry x2  
  33  3:05  Probe  
  38  3:10  Pylon  
  38  3:17  Probe  
  39  3:24  Twilight Council  
  39  3:29  Probe  
  40  3:40  Probe  
  40  3:41  Phoenix  
  40  3:48  Probe  
  41  3:50  Stalker x2  
  41  3:54  Probe  
  46  3:56  Probe  
  46  3:58  Pylon  
  46  4:02  Probe, Blink  
  48  4:08  Probe  
  50  4:12  Probe  
  50  4:16  Stalker  
  53  4:20  Probe  
  53  4:21  Stalker  
  56  4:28  Probe  
  57  4:32  Probe  
  57  4:33  Shield Battery  
  57  4:36  Shield Battery  
  58  4:40  Probe  
  58  4:43  Probe  
  56  4:49  Probe  
  56  4:51  Probe  
  56  4:54  Forge  
  56  4:57  Probe  
  56  4:59  Robotics Facility  
  58  5:00  Probe  
  60  5:07  Probe  
  60  5:10  Probe  
  60  5:12  Assimilator  
  60  5:13  Assimilator  
  62  5:15  Phoenix, Pylon  
  62  5:18  Protoss Ground Weapons Level 1  
  62  5:19  Probe  
  63  5:22  Stalker x2  
  63  5:23  Probe  
  68  5:43  Probe x2  
  68  5:48  Nexus  
  70  5:53  Pylon  
  70  5:54  Observer  
  71  5:59  Gateway  
  71  6:00  Gateway  
  71  6:03  Charge  
  71  6:12  Gateway  
  71  6:13  Gateway  
  71  6:18  Phoenix  
  71  6:25  Gateway  
  71  6:26  Templar Archives, Gateway  
  71  6:28  Probe x2  
  71  6:30  Pylon  
  73  6:36  Pylon  
  73  6:42  Immortal  
  73  6:45  Probe x2  
  79  6:50  Pylon  
  79  6:57  Probe x2, Pylon  
  81  7:03  Probe  
  81  7:05  High Templar x3  
  81  7:06  Phoenix  
  81  7:07  High Templar  
  90  7:09  Probe x2  
  90  7:11  Protoss Ground Weapons Level 2  
  90  7:13  Archon x2  
  90  7:14  Assimilator  
  92  7:16  Probe  
  92  7:18  Assimilator  
  92  7:21  Probe x2  
  95  7:25  Pylon  
  95  7:28  Pylon  
  95  7:29  Probe  
  96  7:33  Probe x2  
  98  7:49  Robotics Bay  
  98  7:51  Robotics Facility  
  98  7:58  Zealot x8  
  114  8:13  Shield Battery x2  
  114  8:17  Pylon  
  114  8:21  High Templar x2  
  114  8:24  Zealot x6  
  114  8:26  Colossus x2  
  130  8:28  Archon  
  130  8:30  Photon Cannon  
  142  8:43  Extended Thermal Lance  
  142  9:07  Colossus x2  
  154  9:25  Nexus  
  154  9:27  Pylon  
  154  9:40  High Templar  
  154  9:43  Pylon  
  154  9:44  Pylon  
  154  9:45  Photon Cannon, Colossus  
  156  9:46  Gateway, Pylon  
  156  9:47  Gateway  
  156  9:49  High Templar  
  156  9:51  Warp Prism  
  158  9:53  Archon  
  158  9:56  Observer  
  158  9:59  High Templar x2  
  170  10:07  Archon  
  170  10:14  Pylon  
  170  10:21  Zealot x3, High Templar x2  
  174  10:22  Zealot  
  174  10:25  Archon  
  174  10:26  Photon Cannon  
  174  10:28  Photon Cannon  
  182  10:30  Dark Shrine  
  182  10:37  Zealot x2  
  182  10:42  Zealot x6  
  194  11:15  Zealot x8  
  194  11:16  Zealot x2  
Show
View Real Time Build Order
Export as new Build Order

DnS Protoss 

Build Orders: Oracle Opening, Archon Immortal 

Get SALT Encoding   

  12  0:00  Probe  
  13  0:12  Probe  
  14  0:17  Pylon  
  14  0:24  Probe  
  15  0:32  Probe  
  15  0:37  Gateway  
  15  0:40  Probe  
  16  0:46  Assimilator  
  17  0:51  Probe  
  17  0:55  Assimilator  
  18  1:00  Probe  
  19  1:07  Gateway  
  19  1:08  Probe  
  19  1:17  Probe  
  20  1:24  Cybernetics Core  
  21  1:29  Probe  
  22  1:34  Pylon  
  22  1:41  Probe  
  23  1:53  Probe  
  24  2:00  Stalker, Sentry  
  18  2:01  Warp Gate  
  28  2:03  Pylon  
  28  2:30  Stargate  
  28  2:40  Stalker  
  30  2:47  Nexus  
  30  2:53  Probe  
  31  3:03  Oracle  
  31  3:05  Probe  
  32  3:17  Probe  
  36  3:22  Shield Battery  
  36  3:24  Pylon  
  36  3:29  Probe  
  36  3:33  Oracle  
  37  3:44  Probe  
  41  3:53  Robotics Facility  
  41  3:55  Probe  
  41  3:56  Probe  
  43  4:04  Probe  
  43  4:08  Probe  
  45  4:12  Adept x2  
  45  4:13  Probe  
  50  4:20  Probe  
  50  4:21  Probe  
  51  4:29  Probe, Pylon  
  52  4:32  Probe  
  54  4:40  Probe  
  54  4:41  Immortal  
  54  4:44  Probe  
  54  4:50  Shield Battery  
  54  4:52  Probe  
  57  4:54  Sentry  
  57  4:58  Probe  
  60  5:01  Assimilator  
  60  5:03  Assimilator  
  60  5:04  Forge, Probe  
  61  5:11  Probe  
  62  5:16  Observer, Probe  
  64  5:23  Probe  
  64  5:25  Twilight Council  
  64  5:27  Immortal  
  64  5:28  Pylon  
  65  5:33  Protoss Ground Weapons Level 1  
  69  5:50  Gateway x2, Pylon  
  69  5:52  Pylon  
  69  6:02  Charge  
  69  6:08  Immortal  
  73  6:14  Gateway  
  73  6:15  Gateway  
  73  6:16  Templar Archives  
  73  6:33  Nexus  
  73  6:34  Probe x2  
  73  6:39  Pylon  
  75  6:42  Zealot x2  
  75  6:45  Pylon  
  79  6:53  High Templar x2  
  83  6:54  Probe x2  
  83  6:58  Archon  
  85  7:05  Immortal  
  85  7:06  Probe  
  90  7:12  Protoss Ground Weapons Level 2  
  90  7:13  Probe  
  90  7:15  Pylon  
  91  7:18  Probe  
  91  7:20  Zealot x2  
  91  7:21  High Templar x2  
  100  7:25  Probe, Archon, Pylon  
  101  7:30  Probe  
  101  7:34  Pylon  
  102  7:37  Probe  
  102  7:38  Pylon  
  102  7:43  Probe  
  104  7:52  Probe  
  104  7:53  Probe, Assimilator  
  104  7:55  Probe, Assimilator  
  107  8:00  Immortal  
  107  8:04  Photon Cannon, Probe  
  112  8:06  Probe  
  112  8:11  High Templar x2  
  117  8:18  Gateway x2  
  117  8:20  Archon  
  117  8:23  Probe  
  117  8:26  Zealot x3  
  124  8:39  Immortal  
  128  8:45  High Templar x2  
  128  8:47  Zealot x4, Pylon  
  140  8:49  Archon  
  140  8:54  Photon Cannon  
  137  9:08  Zealot x2, High Templar x2  
  145  9:10  Nexus  
  145  9:13  Archon  
  142  9:18  Warp Prism  
  144  9:24  Pylon  
  144  9:27  Zealot, High Templar x2  
  144  9:28  Zealot  
  152  9:31  Archon  
  152  9:43  Gateway  
  152  9:44  Zealot x2, Gateway  
  152  9:45  Zealot  
  158  9:57  Zealot, High Templar x2  
  158  9:59  Pylon  
  164  10:00  Photon Cannon  
  164  10:01  Photon Cannon, Archon  
  164  10:04  Shield Battery  
  164  10:15  Warp Prism  
  164  10:19  Zealot x2, High Templar x2  
  172  10:22  Photon Cannon  
  172  10:23  Zealot x2, Archon  
  178  10:40  High Templar x2  
  178  10:41  Zealot x3  
  188  10:45  Archon  
  188  10:57  Zealot  
  172  11:16  Zealot x5  
  172  11:17  Zealot x5  
Tags
 
Add a new tag
Caveats
  • Supply blocks, unpowered buildings, or Contaminate may cause inaccurate times.
  • Supply counts are checked every 10 seconds.